 Dungeon Crawl Stone Soup version 0.27-a0-931-g5a74e75d8f (webtiles) character file.

Game seed: 10200286233560716398

692 Alarkh the Insei (level 7, 44/56 HPs)
             Began as a Demonspawn Gladiator on Apr 10, 2021.
             Got out of the dungeon alive.
             The game lasted 00:03:50 (3611 turns).

Alarkh the Insei (Demonspawn Gladiator)             Turns: 3611, Time: 00:03:51

Health: 44/56      AC:  8    Str: 14    XL:     7   Next: 36%
Magic:  7/7        EV: 12    Int: 11    God:
Gold:   54         SH:  0    Dex: 15    Spells: 6/6 levels left

rFire    . . .     SeeInvis .     - Unarmed
rCold    . . .     Faith    .   (no shield)
rNeg     . . .     Spirit   .   a - +0 leather armour
rPois    .         Reflect  .   b - +0 helmet
rElec    .         Harm     .   (no cloak)
rCorr    .         Rampage  .   (no gloves)
Will     .....                  m - +0 pair of boots
Stlth    +.........             (no amulet)
HPRegen  0.18/turn              (no ring)
MPRegen  0.10/turn              (no ring)

@: no status effects
A: molten scales 2, spiny 1, demonic magic 1
a: no special abilities


You escaped.
You visited 1 branch of the dungeon, and saw 4 of its levels.

You collected 54 gold pieces.

Inventory:

Missiles
 j - 2 throwing nets (quivered)
Armour
 a - a +0 leather armour (worn)
 b - a +0 helmet (worn)
 m - a +0 pair of boots (worn)
Scrolls
 d - 3 scrolls of magic mapping
 e - a scroll of enchant armour {unknown}
 h - a scroll of enchant weapon {unknown}
 i - 2 scrolls of teleportation {unknown}
 k - a scroll of amnesia {unknown}
 l - a scroll of immolation
 n - a scroll of holy word
 r - a scroll of identify
Potions
 f - 2 potions of curing


   Skills:
 + Level 5.0 Fighting
 - Level 1.7 Throwing
 - Level 2.6 Dodging
 * Level 6.7 Unarmed Combat


You had 6 spell levels left.
You didn't know any spells.
Your spell library contained the following spells:

 Spells                   Type           Power      Damage    Failure   Level
 Animate Skeleton         Necr           0%         N/A       41%         1
 Apportation              Tloc           0%         N/A       41%         1
 Corona                   Hex            0%         N/A       41%         1
 Pain                     Necr           0%         1d4       41%         1
 Summon Small Mammal      Summ           0%         N/A       41%         1
 Vampiric Draining        Necr           0%         2d6       80%         3
 Animate Dead             Necr           0%         N/A       99%         4
 Agony                    Necr           0%         N/A       100%        5


Dungeon Overview and Level Annotations

Branches:
Dungeon (4/15)
 Temple: D:4-7

Altars:
Hepliaklqana
Trog

Shops:
D:1 :   D:3 =

Annotations:
D:2 Robin
D:3 exclusion: upstairs
D:4 Edmund


Innate Abilities, Weirdness & Mutations

You are mostly covered in molten scales. (AC +3)
You are partially covered in sharp spines.
Spells you cast may paralyse adjacent enemies.


Message History

You barely miss the black bear.
The black bear is moderately wounded.
The black bear bites you but does no damage.
The black bear misses you.
The black bear claws you but does no damage.
You hit the black bear.
The black bear is severely wounded.
The black bear is struck by your spines.
The black bear bites you. The black bear closely misses you.
The black bear barely misses you.
You closely miss the black bear.
The black bear is severely wounded.
The black bear is struck by your spines.
The black bear closely misses you.
The black bear claws you but does no damage. x2
You hit the black bear. You punch the black bear.
You kill the black bear!
Your Fighting skill increases to level 5!
Items here: ) [ ††.
(D) Dungeon
Where to? (Enter - D:4 @ (x,y), ? - help)
What level of the Dungeon? (default 1, ? - help)
You see here a +0 ring mail.
Found 2 dark potions.
There is a stone staircase leading up here.
You climb upwards.
Level annotation: exclusion: upstairs
There is a stone staircase leading down here.
There is a stone staircase leading up here.
You climb upwards.
Level annotation: Robin
There is a stone staircase leading down here.
There is a stone staircase leading up here.
You climb upwards.
There is a stone staircase leading down here.
There is an escape hatch in the floor here.
There is a staircase leading out of the dungeon here.
Are you sure you want to leave the Dungeon?
This will make you lose the game!
HP restored.
You have escaped!

#...#...##..# #.##.# ##.##
........##..#########.##.# #.#
........##...............#####.##
........##.......................
.............#######...........##
.........#......####...#.........
.........#.##.###......#....#####
.........#.##.#...#....#.##.#
..#......#....#.@.#....#.##.#
#.#......#....#...#.##.#.##.#
#.#....#.#......###.##.#..#)#
#.#..###.#...####......#....#
.......#.....## ####.....#..#
#.#..#.#......#####......#..#
..#..#.#............####.#..#
###..#.#.####.###.### #.#..#####
......∩...........# #.#.......


There were no monsters in sight!

Vanquished Creatures
  Grinder (D:4)
  Sigmund (D:4)
  A black bear (D:4)
  A hound (D:4)
  An orc priest (D:3)
  A centaur skeleton (D:4)
  An iguana (D:4)
  An orc wizard (D:4)
  4 adders
  2 dart slugs
  7 orcs
  4 bats
  2 endoplasms
  2 giant cockroaches (D:1)
  11 goblins
  7 hobgoblins
  3 jackals (D:1)
  2 kobolds
  A quokka (D:2)
  5 ball pythons
  4 frilled lizards
  7 rats
69 creatures vanquished.

Notes
Turn   | Place    | Note
-------+----------+-------------------------------------------
     0 | D:1      | Alarkh the Demonspawn Gladiator began the quest for the
                  | Orb.
     0 | D:1      | Reached XP level 1. HP: 16/16 MP: 1/1
    77 | D:1      | Found Had Fese's Book Shoppe.
   173 | D:1      | Reached skill level 3 in Unarmed Combat
   179 | D:1      | Gained mutation: You are partially covered in sharp spines.
                  | [demonic ancestry]
   179 | D:1      | Reached XP level 2. HP: 2/22 MP: 2/2
  1148 | D:2      | Identified the +1 helmet of Absolutism {rElec rN+ Str+4
                  | Int-5}
  1148 | D:2      | Noticed Robin
  1172 | D:2      | Reached XP level 3. HP: 24/28 MP: 3/3
  1655 | D:2      | Reached skill level 4 in Unarmed Combat
  1788 | D:2      | Reached XP level 4. HP: 33/34 MP: 4/4
  2029 | D:3      | Found a bloodstained altar of Trog.
  2031 | D:3      | Found a hazy altar of Hepliaklqana.
  2298 | D:3      | Found Ynituc's Jewellery Shoppe.
  3060 | D:4      | Gained mutation: You are partially covered in molten
                  | scales. (AC +2) [demonic ancestry]
  3060 | D:4      | Reached XP level 5. HP: 26/41 MP: 5/5
  3124 | D:4      | Reached skill level 5 in Unarmed Combat
  3177 | D:4      | Noticed Grinder
  3178 | D:4      | Paralysed by Grinder for 3 turns
  3212 | D:4      | Paralysed by Grinder for 2 turns
  3232 | D:4      | Killed Grinder
  3233 | D:4      | Gained mutation: You are mostly covered in molten scales.
                  | (AC +3) [demonic ancestry]
  3233 | D:4      | Reached XP level 6. HP: 18/48 MP: 6/6
  3372 | D:4      | Noticed Edmund
  3456 | D:4      | Reached skill level 6 in Unarmed Combat
  3473 | D:4      | Noticed Sigmund
  3503 | D:4      | Killed Sigmund
  3504 | D:4      | Gained mutation: Spells you cast may paralyse adjacent
                  | enemies. [demonic ancestry]
  3504 | D:4      | Reached XP level 7. HP: 35/55 MP: 7/7
  3510 | D:4      | Reached skill level 5 in Fighting
  3611 | D:$      | Got out of the dungeon alive.

Illustrated notes

Levels and vault maps discovered:
D:1:      amcnicky_arrival_double_pillar, layout_basic, serial_shops, shop,
          grunt_decor_clamped
D:2:      layout_loops_corners, kennysheep_pointless_box,
          kennysheep_generic_room_12, uniq_robin
D:3:      layout_loops_cross, grunt_temple_overflow_open, serial_shops,
          nicolae_shop_statue_plus
D:4:      layout_rooms, uniq_edmund, uniq_sigmund, uniq_grinder

Skill      XL: |  1  2  3  4  5  6  7 |
---------------+----------------------+-----
Unarmed Combat | 3 4 5 6 |  6.7
Fighting       | 3 4 5 |  5.0
Throwing       | |  1.7
Dodging        | |  2.6

Action                   |  1- 3 |  4- 6 |  7- 9 || total
-------------------------+-------+-------+-------++-------
Melee: Unarmed           |   125 |    88 |     6 ||   219
       Punch             |     1 |     4 |     2 ||     7
Throw: Throwing net      |       |     6 |       ||     6
  Use: Potion            |     1 |     2 |       ||     3
       Scroll            |       |     4 |       ||     4
 Stab: Sleeping          |     1 |       |       ||     1
       Held in net/web   |       |     2 |       ||     2
Armor: Leather armour    |    33 |    15 |     5 ||    53
Dodge: Dodged            |    75 |    37 |     5 ||   117

Table legend: (Time is in decaauts)
 A = Elapsed time spent in this place.
 B = Non-inter-level travel time spent in this place.
 C = Inter-level travel time spent in this place.
 D = Time resting spent in this place.
 E = Time spent auto-exploring this place.
 F = Levels seen in this place.
 G = Mean time per level.
                   A        B        C        D        E       F      G
               +--------+--------+--------+--------+--------+-----+--------+
         Total |   3596 |   3401 |    195 |    503 |   2403 |   4 |  899.0 |
       Dungeon |   3596 |   3401 |    195 |    503 |   2403 |   4 |  899.0 |
               +--------+--------+--------+--------+--------+-----+--------+

Top non-repeatable levels by time:
     D:1: 1143 daAuts
     D:2: 1044 daAuts
     D:3: 927 daAuts
     D:4: 481 daAuts
